 Dungeon Crawl Stone Soup version 0.17.1-1-g73c8601 (webtiles) character file.

8526 lucasterio the Basher (level 11, -5/75 HPs)
             Began as a Demonspawn Berserker on Dec 19, 2015.
             Was the Champion of Trog.
             Killed from afar by an electric eel (7 damage)
             ... with a bolt of electricity
             ... on level 1 of the Lair of Beasts.
             The game lasted 00:41:41 (11038 turns).

lucasterio the Basher (Demonspawn Berserker)       Turns: 11038, Time: 00:41:41

Health: -5/75      AC: 11    Str: 21    XL:     11   Next: 11%
Magic:  3/3        EV: 11    Int:  9    God:    Trog [******]
Gold:   1000       SH:  0    Dex: 24    Spells: 0 memorised, 10 levels left

rFire  . . .     SeeInvis .     Y - +3 great mace (antimagic)
rCold  + . .     Clarity  .     n - +0 scale mail {rPois}
rNeg   . . .     SustAt   .     (shield currently unavailable)
rPois  +         Gourm    .     z - +0 helmet
rElec  .         Spirit   .     E - +0 cloak
rCorr  .         Warding  .     (no gloves)
rMut   .         Stasis   .     (no boots)
MR     .....                    K - amulet of regeneration
Stlth  +.........               W - +6 ring of dexterity
                                a - ring "Tirphum" {*Drain +Inv rC+ Dex+4 Slay+3}

@: drained, not resistant to hostile enchantments, very unstealthy
A: hooves 2, thin skeletal structure 1, demonic guardian 1, foul stench 2, rot
immunity
a: Berserk, Trog's Hand, Brothers in Arms, Burn Spellbooks, Renounce Religion,
Evoke Invisibility


You were on level 1 of the Lair of Beasts.
You worshipped Trog.
Trog was exalted by your worship.
You were not hungry.

You visited 2 branches of the dungeon, and saw 11 of its levels.
You also visited: Bailey.

You collected 1000 gold pieces.

Inventory:

Hand Weapons
 l - a +2 great mace of protection
 s - a +1 hunting sling of velocity
 y - a +0 morningstar
 Y - a +3 antimagic great mace (weapon)
Missiles
 t - 134 stones (quivered)
 x - 3 tomahawks of returning
 B - 57 sling bullets
 C - 13 throwing nets
 M - 17 tomahawks
Armour
 n - a +0 scale mail of poison resistance (worn)
 z - a +0 helmet (worn)
 E - a +0 cloak (worn)
 I - a +1 leather armour of fire resistance
 Z - a cursed -1 chain mail
Jewellery
 a - the ring "Tirphum" (left hand) {*Drain +Inv rC+ Dex+4 Slay+3}
   (You found it on level 1 of the Lair of Beasts)

   [ring of protection from cold]

   It affects your dexterity (+4).
   It affects your accuracy and damage with ranged weapons and melee attacks
   (+3).
   It protects you from cold.
   It lets you turn invisible.
   It causes draining when unequipped.
 e - an uncursed ring of flight
 F - an uncursed ring of protection from fire
 K - an amulet of regeneration (around neck)
 W - a +6 ring of dexterity (right hand)
Wands
 q - a wand of fireball (4)
 v - a wand of confusion (25)
 L - a wand of digging (17)
 P - a wand of cold (4)
 T - a wand of flame (18)
 U - a wand of teleportation (5)
Scrolls
 b - 2 scrolls of teleportation {unknown}
 d - 4 scrolls of remove curse
 h - 3 scrolls of enchant armour {unknown}
 k - 2 scrolls of immolation {unknown}
 o - 2 scrolls of amnesia {unknown}
 p - a scroll of recharging {unknown}
 r - 3 scrolls of fog {unknown}
 G - 3 scrolls of identify
 H - 2 scrolls of blinking {unknown}
 N - a scroll of random uselessness {unknown}
 R - 3 scrolls of fear {unknown}
 X - 2 scrolls of vulnerability {unknown}
Potions
 f - 2 potions of flight
 g - 7 potions of curing
 j - 3 potions of agility
 w - a potion of haste
 A - 2 potions of mutation
 D - a potion of resistance
 J - a potion of lignification
 S - a potion of might {unknown}
Comestibles
 c - 7 bread rations
 i - 19 fruits
 m - 3 slices of pizza
 u - 11 beef jerkies
 O - 3 meat rations
 Q - 3 chunks of flesh
 V - 10 royal jellies


   Skills:
 - Level 3.0(2.7) Fighting
 * Level 13.0(12.7) Maces & Flails
 + Level 9.2(8.9) Armour
 - Level 1.7(1.5) Dodging


You had 10 spell levels left.
You didn't know any spells.

Dungeon Overview and Level Annotations

Branches:
Dungeon (10/15)            Temple (0/1) D:5            Lair (1/8) D:10
    Orc: D:9-12

Altars:
Cheibriados
Dithmenos
Fedhas
Makhleb
Ru
Sif Muna
Xom
Yredelemnul
The Shining One

Shops:
D:4 [


Innate Abilities, Weirdness & Mutations

You have hoof-like feet.
You have a somewhat thin skeletal structure (Dex +2, Stealth).
A weak demonic guardian rushes to your aid.
You frequently emit foul miasma when damaged in melee.
You are immune to rotting.


Message History

The spiny frog gives a loud, deep croak!
The electric eel shoots out a bolt of lightning at you!
The bolt of electricity hits you!
* * * LOW HITPOINT WARNING * * *
Drink which item? (? for menu, Esc to quit)
You feel better.
The electric eel shoots out a bolt of lightning at you!
The bolt of electricity hits your iron imp.
Your iron imp resists.
The bolt of electricity hits you!
* * * LOW HITPOINT WARNING * * *
You enter the shallow water.
Moving in this stuff is going to be slow.
The electric eel shoots out a bolt of lightning at you!
The bolt of electricity hits you!
* * * LOW HITPOINT WARNING * * *
Your iron imp splashes around in the water.
The electric eel shoots out a bolt of lightning at you!
The bolt of electricity hits you!
You die...

............≈..≈≈.≈≈≈≈♣÷.#
##..#.♣≈≈≈≈≈...≈≈≈.....♣.#
......♣≈.≈≈...≈.≈≈≈..≈...##
......♣.≈!≈..≈≈(.≈≈.≈.≈...#
... ♣≈.≈.≈≈..≈≈..≈.≈.♣#.###
.. .≈..≈≈≈.≈...≈≈.≈.....#
.. ....≈≈≈..5≈≈≈≈≈♣P...# #
≈≈≈≈.≈≈..≈....♣##..## .#.
.≈≈≈..F5@≈...≈.##..#### ...
♣≈≈≈..≈.;≈...♣.......P# ##.
...≈.≈.≈.≈.≈♣....###.## #
..♣...≈.≈≈♣......#≈#..# ###
#...♣.♣..♣#.......≈#.## ..#
.####....# #..#..#≈#.# ...
...### ......≈≈..## #..
.... ......#≈#..#
.....#≈#.##


You could see a spiny frog, an electric eel, a friendly iron imp and a friendly
quasit.

Vanquished Creatures
  The ghost of Nicoed the Destroyer, a journeyman OpCj of Vehumet (D:9)
  An oklob plant (D:8)
  A gargoyle (D:10)
  A komodo dragon (Lair:1)
  A deep elf mage (D:10)
  5 yaks (D:10)
  A deep elf fighter (D:10)
  A hippogriff (D:10)
  2 orc warriors (D:9)
  A sky beast (D:5)
  3 ice beasts
  A spider (D:8)
  3 wasps
  2 black bears (D:8)
  A phantom (D:6)
  2 centaurs
  The ghost of lucasterio the Cudgeler, an amateur DsBe of Trog (D:3)
  5 ogres
  3 crocodiles
  7 giant frogs
  2 big kobolds (D:9)
  A wyvern zombie (D:7)
  2 scorpions (D:8)
  9 gnoll sergeants
  7 killer bees (D:8)
  3 wights (D:10)
  An electric eel (Lair:1)
  5 crimson imps
  9 orc priests
  6 gnoll shamans (Bailey)
  4 hounds
  12 orc wizards
  4 iguanas
  A jelly (D:10)
  6 worker ants
  2 hound skeletons
  A worker ant zombie (D:7)
  14 adders
  19 gnolls
  23 river rats
  3 shadow imps
  An ooze (D:5)
  An adder zombie (D:7)
  2 adder skeletons
  2 worms
  A giant gecko (D:3)
  30 orcs
  10 bats
  7 giant cockroaches
  7 hobgoblins
  17 jackals
  11 kobolds
  8 quokkas
  A ball python (D:1)
  A giant cockroach zombie (D:5)
  8 giant newts
  5 goblins
  A jackal zombie (D:7)
  A quokka zombie (D:5)
  11 rats
  A bush (D:8)
  A fire vortex (Lair:1)
  A fungus (Lair:1)
  3 plants (D:8)
308 creatures vanquished.

Vanquished Creatures (collateral kills)
  A hippogriff (D:10)
  A gnoll (Bailey)
  3 bats (D:10)
  2 rats (D:10)
7 creatures vanquished.

Vanquished Creatures (others)
  A quasit (D:10)
  A goblin (D:2)
  9 fungi (D:10)
  14 plants (D:10)
25 creatures vanquished.

Grand Total: 340 creatures vanquished

Notes
Turn   | Place    | Note
--------------------------------------------------------------
     0 | D:1      | lucasterio the Demonspawn Berserker began the quest for the Orb.
     0 | D:1      | Reached XP level 1. HP: 18/18 MP: 1/1
     3 | D:1      | Noticed an electric eel
     3 | D:1      | Noticed an electric eel
   354 | D:1      | Gained mutation: You have large cloven feet. [demonic ancestry]
   354 | D:1      | Reached XP level 2. HP: 24/24 MP: 2/2
   724 | D:2      | Reached ** piety under Trog
   886 | D:2      | Gained mutation: You are immune to rotting. [demonic ancestry]
   886 | D:2      | Reached XP level 3. HP: 29/29 MP: 3/3
  1936 | D:3      | Found a shimmering altar of Xom.
  1951 | D:3      | Reached skill level 4 in Maces & Flails
  1951 | D:3      | Reached XP level 4. HP: 33/35 MP: 4/4
  2221 | D:3      | Noticed lucasterio's ghost (amateur DsBe)
  2235 | D:3      | Killed lucasterio's ghost
  2235 | D:3      | Reached XP level 5. HP: 38/41 MP: 5/5
  2328 | D:3      | Reached *** piety under Trog
  2967 | D:4      | Noticed an ogre
  2976 | D:4      | Killed an ogre
  2976 | D:4      | Reached skill level 5 in Maces & Flails
  2976 | D:4      | Gained mutation: You may emit foul miasma when damaged in melee. [demonic ancestry]
  2976 | D:4      | Reached XP level 6. HP: 21/47 MP: 6/6
  3883 | D:4      | Reached skill level 6 in Maces & Flails
  4081 | D:4      | Gained mutation: You have hoof-like feet. [demonic ancestry]
  4081 | D:4      | Reached XP level 7. HP: 20/52 MP: 7/7
  4287 | D:4      | Found Wiplerad's Armour Shop.
  4545 | D:5      | Entered Level 5 of the Dungeon
  4817 | D:5      | Reached skill level 7 in Maces & Flails
  4904 | D:5      | Found a staircase to the Ecumenical Temple.
  4976 | D:5      | Reached **** piety under Trog
  5036 | D:5      | Found a deep blue altar of Sif Muna.
  5131 | D:5      | Reached skill level 5 in Armour
  5131 | D:5      | Gained mutation: You frequently emit foul miasma when damaged in melee. [demonic ancestry]
  5131 | D:5      | Reached XP level 8. HP: 7/58 MP: 8/8
  5772 | D:6      | Found a basalt altar of Yredelemnul.
  5792 | D:6      | Reached skill level 8 in Maces & Flails
  6297 | D:6      | Found a shadowy altar of Dithmenos.
  6576 | D:7      | Found a shimmering altar of Xom.
  6706 | D:7      | Found a glowing golden altar of the Shining One.
  6706 | D:7      | Found a snail-covered altar of Cheibriados.
  6746 | D:7      | Reached skill level 9 in Maces & Flails
  6820 | D:7      | Found a basalt altar of Yredelemnul.
  7039 | D:8      | Reached ***** piety under Trog
  7178 | D:8      | Reached XP level 9. HP: 63/63 MP: 9/9
  7263 | D:8      | Found a sacrificial altar of Ru.
  7383 | D:8      | Found a blossoming altar of Fedhas.
  7396 | D:8      | Noticed an oklob plant
  7418 | D:8      | Killed an oklob plant
  7418 | D:8      | Reached skill level 10 in Maces & Flails
  8023 | D:8      | Reached skill level 11 in Maces & Flails
  8085 | D:9      | Noticed Nicoed's ghost (journeyman OpCj)
  8282 | D:9      | Gained mutation: A weak demonic guardian rushes to your aid. [demonic ancestry]
  8282 | D:9      | Reached XP level 10. HP: 46/70 MP: 10/10
  8338 | D:9      | Found a burning altar of Makhleb.
  8420 | D:9      | Killed Nicoed's ghost
  8586 | D:9      | Noticed an Executioner
  8758 | D:10     | Entered Level 10 of the Dungeon
  8978 | D:10     | Found a flagged portal.
  9031 | Bailey   | Entered a bailey
  9347 | Bailey   | Reached skill level 12 in Maces & Flails
  9472 | Bailey   | Reached ****** piety under Trog
  9652 | D:10     | Identified a scroll of acquirement
 10002 | D:10     | Found a staircase to the Lair.
 10405 | D:10     | Gained mutation: You have a somewhat thin skeletal structure (Dex +2, Stealth). [demonic ancestry]
 10405 | D:10     | Reached XP level 11. HP: 52/75 MP: 11/11
 10493 | Lair:1   | Entered Level 1 of the Lair of Beasts
 10611 | Lair:1   | Got a transparent silver ring
 10613 | Lair:1   | Identified the ring "Tirphum" {*Drain +Inv rC+ Dex+4 Slay+3} (You found it on level 1 of the Lair of Beasts)
 10737 | Lair:1   | Reached skill level 13 in Maces & Flails
 10870 | Lair:1   | Received a gift from Trog
 11038 | Lair:1   | HP: 2/75 [electric eel/bolt of electricity (14)]
 11038 | Lair:1   | Killed from afar by an electric eel

Action                   |  1- 3 |  4- 6 |  7- 9 | 10-12 || total
-------------------------+-------+-------+-------+-------++-------
Melee: Mace              |   149 |    44 |       |       ||   193
       Morningstar       |       |   139 |   453 |   173 ||   765
       Great mace        |       |       |       |   167 ||   167
Invok: Burn Spellbooks   |     1 |       |     1 |       ||     2
       Berserk           |       |     4 |     6 |     6 ||    16
  Use: Scroll            |       |       |    10 |     4 ||    14
       Potion            |       |       |     8 |     1 ||     9
 Stab: Distracted        |       |       |       |     1 ||     1
  Eat: Chunk             |     3 |    11 |    13 |    19 ||    46
       Meat ration       |       |       |     2 |       ||     2
